 Dungeon Crawl Stone Soup version 0.20-a0-427-g8b12978 (webtiles) character file.

240 Kriby the Magician (level 5, -2/35 HPs)
             Began as a Mummy Fire Elementalist on Jan 1, 2017.
             Slain by Natasha (5 damage)
             ... on level 2 of the Dungeon.
             The game lasted 00:06:47 (3541 turns).

Kriby the Magician (Mummy Fire Elementalist)        Turns: 3541, Time: 00:06:48

Health: -2/35      AC:  7    Str: 12    XL:     5   Next: 79%
Magic:  1/11       EV: 12    Int: 15    God:
Gold:   94         SH:  0    Dex: 12    Spells: 2/12 levels left

rFire  x . .     SeeInvis .     n - -1 short sword (curse)
rCold  + + .     Gourm    .     a - +0 robe
rNeg   + + +     Faith    .     (no shield)
rPois  ∞         Spirit   .     j - +0 hat
rElec  .         Reflect  .     (no cloak)
rCorr  .         Harm     .     g - +1 pair of gloves
MR     .....                    h - +2 pair of boots {Stlth+}
Stlth  ++++......               (no amulet)
                                m - ring of stealth
                                e - ring of protection from cold

@: very slightly contaminated, slowed, very slow
A: no food or potions, fire vulnerability, cold resistance 1, negative energy
resistance 3, torment resistance, unbreathing
a: no special abilities


You were on level 2 of the Dungeon.
You were not hungry.

You visited 1 branch of the dungeon, and saw 3 of its levels.

You collected 94 gold pieces.

Inventory:

Hand Weapons
 k - a +0 dagger
 n - a cursed -1 short sword (weapon)
 o - a +1 dagger of venom
Armour
 a - a +0 robe (worn)
 f - a +0 buckler
 g - a +1 pair of gloves (worn)
 h - a +2 pair of boots of stealth (worn)
 j - a +0 hat (worn)
Jewellery
 e - a ring of protection from cold (left hand)
 m - a ring of stealth (right hand)
Scrolls
 c - a scroll of immolation {unknown}
 d - a scroll of remove curse {unknown}
 i - a scroll of amnesia {unknown}
 l - 2 scrolls of identify {unknown}
Books
 b - a book of Flames

   Spells                             Type                      Level
   a - Flame Tongue                   Conjuration/Fire             1
   b - Throw Flame                    Conjuration/Fire             2
   c - Conjure Flame                  Conjuration/Fire             3
   d - Inner Flame                    Hexes/Fire                   3
   e - Sticky Flame                   Conjuration/Fire             4
   f - Fireball                       Conjuration/Fire             5


   Skills:
 - Level 2.0 Dodging
 - Level 2.0 Stealth
 + Level 1.2 Shields
 + Level 4.0 Spellcasting
 * Level 2.7 Conjurations
 + Level 3.2 Fire Magic


You had 2 spell levels left.
You knew the following spells:

 Your Spells              Type           Power        Failure   Level  Hunger
a - Flame Tongue          Conj/Fire      ##...        6%          1    N/A
b - Conjure Flame         Conj/Fire      ##......     17%         3    N/A
c - Sticky Flame          Conj/Fire      ##......     54%         4    N/A
d - Throw Flame           Conj/Fire      ##....       10%         2    N/A

Dungeon Overview and Level Annotations

Branches:
Dungeon (3/15)

Altars:

Annotations:
D:2 exclusion: downstairs, Natasha, Sigmund


Innate Abilities, Weirdness & Mutations

You do not eat or drink.
Your flesh is vulnerable to fire.
You are immune to poison.
Your flesh is cold resistant. (rC+)
You are immune to negative energy. (rN+++)
You are immune to unholy pain and torment.
You can survive without breathing.


Message History

The magic dart hits you!
* * * LOW HITPOINT WARNING * * *
Natasha claws you but does no damage.
Casting: Flame Tongue
Confirm with . or Enter, or press ? or * to list all spells.
Aiming: Flame Tongue
Press: ? - help, Shift-Dir - straight line, f/p - Natasha
Aim: Natasha (heavily wounded)
The flame tongue hits Natasha.
Natasha appears unharmed.
Natasha is heavily wounded.
Natasha casts a spell at you. You resist with some effort.
You hit Natasha but do no damage.
Natasha is heavily wounded.
Natasha barely misses you. Natasha claws you!
* * * LOW HITPOINT WARNING * * *
You barely miss Natasha.
Natasha is heavily wounded.
Natasha claws you.
You die...

##################
................@#
...........##.##h#
...........##.##.#
...........##.##.#
...........##.##.###
...................#
............#.#.##.#
#+#...#.......#....#
#.....#.....#.######


You could see Natasha.

Vanquished Creatures
  An ogre (D:3)
  An orc priest (D:3)
  Natasha (D:3)
  4 adders
  A worm (D:2)
  3 leopard geckos (D:2)
  2 orcs (D:3)
  3 giant cockroaches
  9 hobgoblins
  4 jackals
  2 kobolds
  A quokka (D:2)
  2 ball pythons (D:1)
  2 bats
  3 frilled lizards
  7 goblins
  14 rats
60 creatures vanquished.

Notes
Turn   | Place    | Note
-------+----------+-------------------------------------------
     0 | D:1      | Kriby the Mummy Fire Elementalist began the quest for the Orb.
     0 | D:1      | Reached XP level 1. HP: 13/13 MP: 4/4
   320 | D:1      | Reached skill level 1 in Conjurations
   484 | D:1      | Reached XP level 2. HP: 19/19 MP: 3/5
   768 | D:1      | You fall through a shaft!
  1321 | D:1      | Reached XP level 3. HP: 18/24 MP: 4/7
  1431 | D:2      | Reached skill level 3 in Spellcasting
  1572 | D:2      | Noticed Sigmund
  2033 | D:2      | Learned a level 3 spell: Conjure Flame
  2036 | D:2      | Learned a level 2 spell: Throw Flame
  2615 | D:3      | Noticed Natasha
  2633 | D:3      | Killed Natasha
  2633 | D:3      | Reached XP level 4. HP: 25/30 MP: 0/9
  2722 | D:3      | Noticed an ogre
  2730 | D:3      | Killed an ogre
  2730 | D:3      | Reached skill level 1 in Shields
  2730 | D:3      | Reached XP level 5. HP: 35/35 MP: 1/10
  2903 | D:3      | Noticed a necrophage
  3121 | D:2      | Learned a level 4 spell: Sticky Flame
  3134 | D:3      | Noticed Natasha
  3138 | D:3      | Noticed an orc warrior
  3431 | D:3      | Reached skill level 4 in Spellcasting
  3541 | D:2      | Slain by Natasha

Vault maps used:
D:1:      dpeg_arrival_tiny_d
D:2:      uniq_sigmund
D:3:      first_bread, uniq_natasha

Skill      XL: |  1  2  3  4  5 |
---------------+----------------+-----
Conjurations   | 1 2 |  2.7
Stealth        | 2 |  2.0
Dodging        | 2 |  2.0
Spellcasting   | 3 4 |  4.0
Shields        | 1 |  1.2
Fire Magic     | 3 |  3.2

Action                   |  1- 3 |  4- 6 || total
-------------------------+-------+-------++-------
Melee: Unarmed           |     5 |       ||     5
       Club              |    12 |       ||    12
       Dagger            |     6 |       ||     6
       Short sword       |       |    13 ||    13
 Cast: Flame Tongue      |    87 |    62 ||   149
       Conjure Flame     |       |     2 ||     2
Armor: Robe              |     7 |    26 ||    33
Dodge: Dodged            |    41 |    72 ||   113
